 Dungeon Crawl Stone Soup version 0.31-a0-1096-g246cf0196b (webtiles) character file.

Game seed: 13040930207613523085

212 Dirtsage the Changeling (level 5, 0/36 HPs)
             Began as an Octopode Shapeshifter on Nov 29, 2023.
             Slain by an orc
             ... wielding a +0 war axe
              (6 damage)
             ... on level 4 of the Dungeon.
             The game lasted 00:04:38 (2912 turns).

Dirtsage the Changeling (Octopode Shapeshifter)     Turns: 2912, Time: 00:04:39

Health: 0/36       AC:  1    Str: 26    XL:     5   Next: 89%
Magic:  0/5        EV: 13    Int: 12    God:
Gold:   163        SH:  0    Dex: 19    Spells: 4/4 levels left

rFire   . .          .
                       - Unarmed
rCold   . . .        (no shield)
rNeg    . . .        (helmet currently unavailable)
rPois   .            r - amulet of guardian spirit
rElec   .            S - ring of see invisible
rCorr   .            j - +6 ring of strength
SInv    +            o - +6 ring of dexterity
Will    .....        v - +6 ring of strength
Stlth   +++          (no ring)
HPRegen 0.26/turn    (no ring)
MPRegen 0.09/turn    (no ring)
                     (no ring)

%: guardian spirit
@: beast-form, studying Long Blades
A: beast (slay +2), almost no armour, amphibious, 8 rings, camouflage 1,
gelatinous body 1, (nimble swimmer 1), tentacles
a: Begin Untransformation


You were on level 4 of the Dungeon.
You were a hulking beast.
You visited 1 branch of the dungeon, and saw 5 of its levels.

You collected 163 gold pieces.

Inventory:

Magical Staves
 h - a staff of conjuration
Jewellery
 j - a +6 ring of strength (right tentacle)
 o - a +6 ring of dexterity (on tentacle)
 r - an amulet of guardian spirit (around mantle)
 v - a +6 ring of strength (on tentacle)
 S - a ring of see invisible (left tentacle)
Talismans
 b - a beast talisman
 c - a flux talisman
 k - a maw talisman
Scrolls
 d - a scroll of revelation {unknown}
 f - 4 scrolls of vulnerability {unknown}
 g - 2 scrolls of noise {unknown}
 m - a scroll of torment {unknown}
 q - a scroll of immolation {unknown}
 s - a scroll of enchant armour {unknown}
 t - a scroll of fear {unknown}
 u - 4 scrolls of amnesia {unknown}
Potions
 a - a potion of lignification
 e - a potion of enlightenment {unknown}
 i - a potion of degeneration {unknown}
 l - 2 potions of brilliance {unknown}
 p - a potion of resistance {unknown}
 w - a potion of curing {unknown}


   Skills:
 + Level 2.8 Fighting
 - Level 2.0 Dodging
 + Level 4.0 Unarmed Combat
 * Level 4.7 Shapeshifting


You had 4 spell levels left.
You didn't know any spells.
Your spell library contained the following spells:

 Spells                   Type           Power      Damage    Failure   Level
 Ensorcelled Hibernation  Hex/Ice        0%         N/A       45%         2
 Jinxbite                 Hex            0%         N/A       45%         2
 Anguish                  Hex/Necr       0%         N/A       97%         4


Dungeon Overview and Level Annotations

Branches:
Dungeon (5/15)
 Temple: D:4-7

Altars:

Shops:
D:2 :   D:4 *


Innate Abilities, Weirdness & Mutations

You are a hulking beast.
Your limbs bulge with bestial killing power. (Slay +2)
You cannot wear most types of armour.
You are amphibious.
You can wear up to eight rings at the same time.
Your skin changes colour to match your surroundings (Stealth+).
Your rubbery body absorbs attacks. (AC +1, EV +1)
((You are camouflaged when in or above water. (Stealth+)))
You have tentacles for arms and can constrict up to eight enemies at once.


Message History

No target in view!
Done exploring.
Health restored: 36; MP restored: 5
Okay, then.
Done exploring.
There is a stone staircase leading down here.
You climb downwards.
There is a stone staircase leading up here.
You now have 163 gold pieces (gained 12). 2 orcs come into view.
There are monsters nearby!
A hound comes into view.
The orc shouts! x2; The hound barks!
An orc comes into view. It is wielding a +0 short sword.
The hound barely misses you. The hound attacks as it pursues you!
The hound misses you.
An orc comes into view. It is wielding a +0 whip.
The hound attacks as it pursues you! The hound bites you. x2
You take 8 damage, and have 28/36 hp.
MASSIVE DAMAGE!!
You now have 4/5 mp.
The hound misses you. The orc closely misses you.
There is a stone staircase leading up here.
The hound misses you. The orc hits you with a +0 war axe.
You climb upwards.
There is a stone staircase leading down here.
You take 1 damage, and have 27/36 hp.
You now have 3/5 mp.
You miss the hound. Your grab misses the hound. The hound bites you.
The orc hits you with a +0 war axe. The hound misses you.
You take 7 damage, and have 20/36 hp.
You now have 1/5 mp.
You tentacle-slap the hound. You grab the hound.
You squeeze the hound, but do no damage.
The hound is lightly wounded.
You constrict the hound. The hound bites you.
The orc hits you with a +0 war axe!
* * * LOW HITPOINT WARNING * * *
You take 14 damage, and have 6/36 hp.
MASSIVE DAMAGE!!
You now have 0/5 mp.
You closely miss the orc. You grab the orc. You constrict the hound.
You constrict the orc. The hound bites you.
* * * LOW HITPOINT WARNING * * *
The orc hits you with a +0 war axe.
You die...

#.....................
#.###################. #.# #.
##### #.# ########## #.
#...#######.####........# #.
##...#...................# #.
.....#...................# #.
.....#....)...........#### #.
..........#....>hh....# #.
............<...o.....# ###.
......................# #...
....###.##..........>.# #.##
......).#.............# #.#
###.....#.............########.#
###.....#.....##...............#
..............##.......##########
###.....#..#.###.................


You could see a hound and an orc.

Vanquished Creatures
  2 sleepcaps
  An iguana (D:4)
  Terence (D:2)
  3 adders
  3 worms
  3 dart slugs
  7 orcs
  5 ball pythons
  8 endoplasms
  2 giant cockroaches
  7 goblins
  A hobgoblin (D:2)
  2 jackals (D:2)
  2 kobolds (D:2)
  A quokka (D:4)
  2 bats
  2 frilled lizards (D:3)
  4 rats
56 creatures vanquished.

Notes
Turn   | Place    | Note
-------+----------+-------------------------------------------
     0 | D:1      | Dirtsage the Octopode Shapeshifter began the quest for the
                  | Orb.
     0 | D:1      | Reached XP level 1. HP: 13/13 MP: 1/1
   262 | D:1      | Reached XP level 2. HP: 13/18 MP: 2/2
  1253 | D:2      | Reached XP level 3. HP: 23/23 MP: 3/3
  1262 | D:2      | Noticed Terence
  1264 | D:2      | Found Yroingos's Book Emporium.
  1291 | D:2      | Killed Terence
  1511 | D:2      | Reached XP level 4. HP: 26/29 MP: 4/4
  2108 | D:3      | Reached XP level 5. HP: 17/35 MP: 2/5
  2190 | D:4      | Found Alybef's CLEARANCE SALE!.
  2891 | D:5      | Entered Level 5 of the Dungeon
  2912 | D:4      | Slain by an orc

Illustrated notes

Levels and vault maps discovered:
D:1:      minmay_arrival_radiant_lines, layout_basic, nrook_uturn,
          minmay_crystal_room
D:2:      layout_basic, serial_shops, shop, minmay_misc_feat_enclosed,
          uniq_terence
D:3:      layout_rooms, minmay_surrounded
D:4:      layout_basic, nicolae_shop_clearance
D:5:      layout_gridville, mainiacjoe_overflow_alcove_4, dk_yredelemnul_ordeal,
          dreamdust_mushroom_princess

Skill      XL: |  1  2  3  4  5 |
---------------+----------------+-----
Fighting       | 2 |  2.8
Shapeshifting  | 4 |  4.7
Unarmed Combat | 4 |  4.0
Dodging        | |  2.0

Action                     |  1- 3 |  4- 6 || total
---------------------------+-------+-------++-------
  Melee: Unarmed           |    42 |    60 ||   102
         Constrict         |    16 |    16 ||    32
         Tentacles         |     9 |    12 ||    21
         Punch             |     3 |     1 ||     4
   Stab: Sleeping          |     6 |     5 ||    11
 Armour: Skin              |    16 |    33 ||    49
  Dodge: Dodged            |    22 |    38 ||    60

Table legend: (Time is in decaauts)
 A = Elapsed time spent in this place.
 B = Non-inter-level travel time spent in this place.
 C = Inter-level travel time spent in this place.
 D = Time resting spent in this place.
 E = Time spent auto-exploring this place.
 F = Levels seen in this place.
 G = Mean time per level.
                   A        B        C        D        E       F      G
               +--------+--------+--------+--------+--------+-----+--------+
         Total |   2903 |   2770 |    133 |      0 |   2382 |   5 |  580.6 |
       Dungeon |   2903 |   2770 |    133 |      0 |   2382 |   5 |  580.6 |
               +--------+--------+--------+--------+--------+-----+--------+

Top non-repeatable levels by time:
     D:1: 1112 daAuts
     D:4: 716 daAuts
     D:2: 594 daAuts
     D:3: 462 daAuts
     D:5: 17 daAuts
